Map: Bel'Shir Vestige LE (Void)

Players

YngFuture (Future)

  • Race: Terran Terran
  • League: Grandmaster
  • Spawn Location: 11:00

Railgan - Winner!

  • Race: Zerg Zerg
  • League: Grandmaster
  • Spawn Location: 5:00

VOD

Have the link to the VOD?

Description

Time

  • Played on: March 3, 2017, 4:08 p.m.
  • Length: 4:15
Show
View Real Time Build Order
Export as new Build Order

YngFuture Terran 

Build Orders: Reaper Expand 

Get SALT Encoding   

  12  0:00  SCV  
  13  0:12  SCV  
  14  0:18  Supply Depot  
  14  0:25  SCV  
  15  0:40  SCV  
  15  0:41  Barracks  
  16  0:45  Refinery  
  16  0:52  SCV  
  17  1:04  SCV  
  18  1:16  SCV  
  19  1:28  Reaper  
  19  1:30  Orbital Command  
  20  1:41  Command Center  
  20  1:54  Barracks  
  20  2:00  SCV  
  21  2:01  Barracks Reactor  
  21  2:12  SCV  
  21  2:13  Supply Depot  
  22  2:18  Refinery  
  22  2:25  SCV  
  22  2:29  Factory  
  23  2:37  SCV  
  23  2:38  Marine x2  
  23  2:42  Barracks Tech Lab  
  25  2:49  SCV  
  26  2:57  Marine  
  27  3:01  SCV  
  27  3:02  Bunker  
  27  3:04  Orbital Command  
  28  3:06  Marine  
  31  3:13  Marauder  
  31  3:17  SCV  
  32  3:21  Marine  
  32  3:28  Cyclone  
  35  3:39  SCV  
  35  3:40  Marine  
  37  3:42  Marine  
  37  3:44  Marine  
  37  3:47  SCV  
  40  3:54  SCV  
  41  4:01  Supply Depot  
Show
View Real Time Build Order
Export as new Build Order

Railgan Zerg - Winner!

Build Orders: Pool First 

Get SALT Encoding   

  12  0:01  Drone  
  13  0:12  Overlord  
  13  0:17  Drone  
  14  0:30  Drone x2  
  14  0:34  Drone  
  17  0:44  Extractor  
  17  0:45  Drone  
  17  0:50  Spawning Pool  
  17  0:56  Drone  
  17  1:13  Hatchery  
  17  1:17  Drone  
  17  1:19  Drone  
  18  1:28  Drone  
  19  1:36  Queen  
  19  1:39  Zergling x2  
  22  1:58  Roach Warren  
  22  1:59  Metabolic Boost  
  22  2:00  Drone  
  22  2:15  Overlord x2  
  22  2:38  Roach x4  
  30  2:46  Roach  
  30  2:47  Overlord  
  30  2:48  Zergling x2  
  30  2:49  Zergling x2  
  34  2:53  Zergling x2  
  33  3:07  Zergling x4  
  35  3:17  Zergling x8  
  39  3:24  Zergling x2  
  39  3:25  Zergling x4  
  42  3:31  Zergling x2  
  43  3:37  Zergling x2  
  43  3:42  Zergling x2  
  43  3:44  Ravager  
  43  3:45  Ravager  
  46  3:51  Overlord  
  46  3:52  Zergling x2  
  47  3:55  Zergling x2  
Tags
 
Add a new tag
Caveats
  • Supply blocks, unpowered buildings, or Contaminate may cause inaccurate times.
  • Supply counts are checked every 10 seconds.